 Dungeon Crawl Stone Soup version 0.25.0-26-g0c896c7088 (webtiles) character file.

Game seed: 7918702950591877004

218 Peloso the Covered (level 5, 0/42 HPs)
             Began as a Demonspawn Fighter on July 4, 2020.
             Slain by a gnoll
             ... wielding a +0 flail
              (5 damage)
             ... on level 4 of the Dungeon.
             The game lasted 00:05:55 (2740 turns).

Peloso the Covered (Demonspawn Fighter)             Turns: 2740, Time: 00:05:56

Health: 0/42       AC: 10    Str: 17    XL:     5   Next: 63%
Magic:  5/5        EV:  5    Int: 10    God:
Gold:   220        SH:  9    Dex: 16    Spells: 4/4 levels left

rFire    + . .     SeeInvis .   a - +1 long sword
rCold    . . .     Gourm    .   c - +0 kite shield
rNeg     . . .     Faith    .   k - +0 chain mail (curse)
rPois    .         Spirit   .   (no helmet)
rElec    .         Reflect  .   (no cloak)
rCorr    .         Harm     .   e - +0 pair of gloves
MR       .....                  (no boots)
Stlth    ..........             (no amulet)
HPRegen  0.14/turn              (no ring)
MPRegen  0.09/turn              (no ring)

@: mighty
A: hooves 1, thin skeletal structure 2, fire resistance 1, flame cloud immunity
a: no special abilities


You were on level 4 of the Dungeon.
You were not hungry.

You visited 1 branch of the dungeon, and saw 4 of its levels.

You collected 220 gold pieces.

Inventory:

Hand Weapons
 a - a +1 long sword (weapon)
Armour
 b - a +0 scale mail
 c - a +0 kite shield (worn)
 e - a +0 pair of gloves (worn)
 k - a cursed +0 chain mail (worn)
Wands
 m - a wand of polymorph (4)
Scrolls
 g - a scroll of teleportation
 i - 2 scrolls of identify
 n - a scroll of amnesia
 o - a scroll of remove curse
Potions
 d - a potion of might
 j - a potion of cancellation {unknown}
 l - a potion of curing
 q - 2 potions of flight {unknown}
Comestibles
 f - 9 rations
 r - 5 chunks of flesh


   Skills:
 + Level 3.7 Fighting
 + Level 3.1 Long Blades
 + Level 4.0 Armour
 + Level 0.6 Dodging
 + Level 3.5 Shields


You had 4 spell levels left.
You didn't know any spells.
Your spell library was empty.

Dungeon Overview and Level Annotations

Branches:
Dungeon (4/15)
 Temple: D:4-7

Altars:


Innate Abilities, Weirdness & Mutations

You have a moderately thin skeletal structure. (Dex +4, Stealth+)
Your flesh is heat resistant. (rF+)
You are immune to clouds of flame.
You have large cloven feet.


Message History

It is a scroll of amnesia.
You feel forgetful for a moment.
The gnoll shouts!
You hear a shout! x3
A gnoll shaman comes into view. It is wielding a +0 whip.
A gnoll comes into view. It is wielding a +0 halberd.
Unknown command.
The gnoll hits you but does no damage. You block the gnoll's attack.
The gnoll hits you with a +0 spear.
* * * LOW HITPOINT WARNING * * *
You closely miss the gnoll. You kick the gnoll!
The gnoll is severely wounded.
The gnoll hits you from afar with a +0 halberd.
* * * LOW HITPOINT WARNING * * *
The gnoll hits you but does no damage. You block the gnoll shaman's attack.
You closely miss the gnoll. You kick the gnoll.
You kill the gnoll!
Your Armour skill increases to level 4!
The gnoll shaman hits you but does no damage.
The gnoll barely misses you. The gnoll hits you with a +0 flail.
You die...

. ..# ....
.....## ######
......g##....##
......)@......#
.....gg#..#...#
.......#..###..#
...##..#..# ....
.. ##..... .## .
....##. .. .##..
.. # .# #.. ..


You could see a gnoll shaman and 2 gnolls.

Vanquished Creatures
  A hound (D:4)
  An orc wizard (D:4)
  4 adders
  5 gnolls
  2 worms
  3 leopard geckos
  4 orcs
  2 ball pythons
  3 giant cockroaches
  7 goblins
  7 hobgoblins
  4 jackals (D:3)
  6 bats
  6 frilled lizards
  9 kobolds
  4 rats
68 creatures vanquished.

Notes
Turn   | Place    | Note
-------+----------+-------------------------------------------
     0 | D:1      | Peloso the Demonspawn Fighter began the quest for the Orb.
     0 | D:1      | Reached XP level 1. HP: 18/18 MP: 1/1
   818 | D:1      | Gained mutation: You have large cloven feet. [potion of
                  | mutation]
   818 | D:1      | Gained mutation: Your flesh is heat resistant. (rF+)
                  | [potion of mutation]
   829 | D:2      | Mutation became permanent: Your flesh is heat resistant.
                  | (rF+) [demonic ancestry]
   829 | D:2      | Gained mutation: Your flesh is heat resistant. (rF+)
                  | [demonic ancestry]
   829 | D:2      | Reached XP level 2. HP: 24/24 MP: 2/2
   851 | D:2      | Reached skill level 3 in Armour
  1006 | D:2      | Gained mutation: You have a somewhat thin skeletal
                  | structure. (Dex +2, Stealth) [demonic ancestry]
  1006 | D:2      | Reached XP level 3. HP: 29/29 MP: 3/3
  1722 | D:3      | Gained mutation: You are immune to clouds of flame.
                  | [demonic ancestry]
  1722 | D:3      | Reached XP level 4. HP: 35/35 MP: 4/4
  2227 | D:3      | Gained mutation: You have a moderately thin skeletal
                  | structure. (Dex +4, Stealth+) [demonic ancestry]
  2227 | D:3      | Reached XP level 5. HP: 12/41 MP: 5/5
  2740 | D:4      | Reached skill level 4 in Armour
  2740 | D:4      | Slain by a gnoll

Illustrated notes

Levels and vault maps discovered:
D:1:      mrwooster_arrival_arrow, layout_loops_ring, hex_large,
          hangedman_glass_teeth
D:2:      minmay_skewed_foursquare, layout_rooms
D:3:      layout_basic, minmay_between
D:4:      layout_cave_pools, temple_pool_b,
          nicolae_ossuary_entry_false_entrances, first_ration

Skill      XL: |  1  2  3  4  5 |
---------------+----------------+-----
Long Blades    | 2 3 |  3.1
Armour         | 3 4 |  4.0
Shields        | 3 |  3.5
Fighting       | |  3.7
Dodging        | |  0.6

Action                   |  1- 3 |  4- 6 || total
-------------------------+-------+-------++-------
Melee: Long sword        |   128 |    95 ||   223
       Kick              |    20 |    37 ||    57
  Use: Potion            |     2 |     2 ||     4
       Scroll            |       |     5 ||     5
  Eat: Chunk             |     3 |     3 ||     6
Armor: Chain mail        |   107 |   110 ||   217
       Scale mail        |     5 |       ||     5
Dodge: Dodged            |    24 |    26 ||    50
Block: Kite shield       |    83 |    71 ||   154
       Rpst.: Long sword |    12 |     4 ||    16
